 Dungeon Crawl Stone Soup version 0.22.1-1-ga44c0e5 (webtiles) character file.

3371 Starchild the Infuser (level 10, 0/74 HPs)
             Began as a Barachi Skald on Oct 17, 2018.
             Was a Follower of Uskayaw.
             Splashed by a jelly's acid (8 damage)
             ... on level 8 of the Dungeon.
             The game lasted 00:40:34 (7473 turns).

Starchild the Infuser (Barachi Skald)               Turns: 7473, Time: 00:40:37

Health: 0/74       AC:  2    Str: 15    XL:     10   Next: 3%
Magic:  17/21      EV: 12    Int: 16    God:    Uskayaw [*.....]
Gold:   310        SH:  0    Dex: 15    Spells: 10/24 levels left

rFire    + . .     SeeInvis .   z - +5 rapier "Cinkabet" {venom, rF+ Dex+2}
rCold    + . .     Gourm    .   (no shield)
rNeg     . . .     Faith    .   b - +0 leather armour
rPois    .         Spirit   .   e - +1 helmet
rElec    .         Reflect  .   j - +0 cloak
rCorr    .         Harm     .   (no gloves)
MR       .....                  (no boots)
Stlth    +.........             (no amulet)
HPRegen  0.22/turn              A - +3 ring of strength
MPRegen  0.17/turn              D - ring of protection from cold

@: corroded, can't hop, slow
A: +LOS, swims, slowness 1, strong legs 1
a: Hop, Stomp, Renounce Religion


You were on level 8 of the Dungeon.
You worshipped Uskayaw.
Uskayaw was noncommittal.
You were not hungry.

You visited 1 branch of the dungeon, and saw 8 of its levels.
You also visited: Ossuary.

You collected 310 gold pieces.

Inventory:

Hand Weapons
 a - a +0 hand axe
 y - a -3 hand axe
 z - the +5 rapier "Cinkabet" (weapon) {venom, rF+ Dex+2}
   (You took it off an orc priest on level 4 of the Dungeon)

   It poisons the flesh of those it strikes.
   It affects your dexterity (+2).
   It protects you from fire.
Missiles
 p - 261 stones
 C - 2 tomahawks (quivered)
 F - a throwing net
Armour
 b - a +0 leather armour (worn)
 e - a +1 helmet (worn)
 j - a +0 cloak (worn)
Jewellery
 A - a +3 ring of strength (left hand)
 D - a ring of protection from cold (right hand)
Wands
 h - a wand of digging (11)
 n - a wand of random effects (27)
Scrolls
 g - 2 scrolls of teleportation
 k - 6 scrolls of remove curse
 l - a scroll of blinking {unknown}
 m - a scroll of identify
 o - 2 scrolls of enchant armour
 r - 3 scrolls of amnesia {unknown}
 s - 3 scrolls of enchant weapon
 w - a scroll of random uselessness {unknown}
 B - a scroll of summoning {unknown}
 E - a scroll of fear {unknown}
 G - a scroll of noise {unknown}
Potions
 c - a potion of flight
 f - 6 potions of lignification
 i - 2 potions of mutation
 q - 2 potions of agility
 t - 2 potions of haste
 u - a potion of might {unknown}
 v - 4 potions of heal wounds {unknown}
 H - a potion of magic {unknown}
Comestibles
 d - 3 rations


   Skills:
 - Level 5.0 Fighting
 - Level 2.6 Axes
 - Level 1.2 Armour
 - Level 2.1 Dodging
 + Level 7.9 Spellcasting
 - Level 5.1 Hexes
 * Level 9.4 Charms
 - Level 1.0 Necromancy
 - Level 5.6 Translocations


You had 10 spell levels left.
You knew the following spells:

 Your Spells              Type           Power        Failure   Level  Hunger
a - Infusion              Chrm           ####         1%          1    None
b - Song of Slaying       Chrm           #####...     1%          2    None
c - Shroud of Golubria    Chrm/Tloc      ####......   1%          2    None
d - Regeneration          Chrm/Necr      ###.......   4%          3    ##.....
e - Spectral Weapon       Hex/Chrm       ####....     1%          3    ##.....
f - Blink                 Tloc           N/A          1%          2    None
g - Apportation           Tloc           ###...       1%          1    None

Your spell library contained the following spells:

 Spells                   Type           Power        Failure   Level  Hunger
 Sting                    Conj/Pois      #...         14%         1    None
 Poisonous Vapours        Pois/Air       #.....       22%         2    None
 Dispersal                Tloc           ###.......   91%         6    #######
 Disjunction              Tloc           ###.......   100%        8    #######


Dungeon Overview and Level Annotations

Branches:
Dungeon (8/15)             Temple (0/1) D:7
   Lair: D:8-11

Altars:
Fedhas
Kikubaaqudgha
Qazlal
Trog
Uskayaw
Xom
Zin

Shops:
D:5 %   D:7 ?

Annotations:
D:8 Psyche


Innate Abilities, Weirdness & Mutations

Shadows flee at your approach. (+LOS)
You can swim through water.
You cover ground slowly.
You can hop short distances.


Message History

The kobold throws a stone.
The stone misses you.
Evoke which item? (* to show all) (? for menu, Esc to quit)
Aiming: Dig
Press: ? - help, Shift-Dir - straight line The rock shatters into small pieces.
Your skin is crawling a little less now.
The kobold throws a stone.
The stone barely misses you.
The kobold throws a stone.
The stone hits you but does no damage.
The kobold throws a stone.
The stone hits you.
* * * LOW HITPOINT WARNING * * *
The kobold throws a stone.
The stone hits you but does no damage.
You see here 2 stones.
Your skin stops crawling.
You puncture the jelly! The acid corrodes you!
Your hands burn!
* * * LOW HITPOINT WARNING * * *
The jelly is severely wounded.
The jelly hits you.
* * * LOW HITPOINT WARNING * * *
You are splashed with acid!
The acid burns!
You die...

#........#
#........###
#....K.....
#.KKK....######
#((.K..(......#
##KK...c.......#
##K..............
##J#....#........#
#@#######........#
#.## #######...
#.# .>. #.# .. #.#
. ##


You could see a big kobold, a jelly and 7 kobolds.

Vanquished Creatures
  Harold (D:7)
  Pikel (D:5)
  Prince Ribbit (D:5)
  Sigmund (D:3)
  Menkaure (D:6)
  3 ogres
  3 centaurs
  A big kobold (D:4)
  An elf zombie (Ossuary)
  2 bullfrogs
  A scorpion (D:5)
  5 crimson imps
  2 centaur zombies (Ossuary)
  A hound (D:8)
  A human zombie (Ossuary)
  2 jellies
  3 orc priests
  2 iguanas
  7 orc wizards
  3 hound skeletons
  2 mummies (Ossuary)
  6 gnolls
  6 adders
  3 oozes
  An adder zombie (Ossuary)
  3 adder skeletons
  2 worms
  2 dart slugs (D:1)
  5 leopard geckos
  15 orcs
  2 ball pythons
  15 bats
  5 giant cockroaches
  7 goblins
  3 hobgoblins
  7 kobolds
  5 quokkas
  A ball python skeleton (D:5)
  4 frilled lizards
  A goblin zombie (Ossuary)
  6 hobgoblin zombies (Ossuary)
  12 kobold zombies (Ossuary)
  12 orc zombies (Ossuary)
  A quokka skeleton (D:6)
  7 rats
  A rat zombie (Ossuary)
176 creatures vanquished.

Vanquished Creatures (others)
  An adder zombie (D:5)
1 creature vanquished.

Grand Total: 177 creatures vanquished

Notes
Turn   | Place    | Note
-------+----------+-------------------------------------------
     0 | D:1      | Starchild the Barachi Skald began the quest for the Orb.
     0 | D:1      | Reached XP level 1. HP: 17/17 MP: 3/3
   194 | D:1      | Reached XP level 2. HP: 20/23 MP: 0/5
   198 | D:1      | Learned a level 2 spell: Song of Slaying
   318 | D:1      | Reached skill level 4 in Charms
   371 | D:1      | Reached XP level 3. HP: 28/28 MP: 0/6
   737 | D:1      | Learned a level 2 spell: Shroud of Golubria
   800 | D:2      | Found a bloodstained altar of Trog.
   803 | D:2      | Found a shimmering altar of Xom.
   804 | D:2      | Found a hide-covered altar of Uskayaw.
   830 | D:2      | Became a worshipper of Uskayaw the Reveler
   879 | D:2      | Reached * piety under Uskayaw
   880 | D:2      | Reached ** piety under Uskayaw
   922 | D:2      | Reached XP level 4. HP: 30/35 MP: 0/7
  1268 | D:2      | Reached skill level 5 in Charms
  1781 | D:3      | Noticed Sigmund
  1785 | D:3      | Found a stormy altar of Qazlal.
  1797 | D:3      | Reached *** piety under Uskayaw
  1798 | D:3      | Killed Sigmund
  1798 | D:3      | Reached XP level 5. HP: 16/43 MP: 0/10
  1798 | D:3      | Reached XP level 6. HP: 18/50 MP: 0/11
  2142 | D:3      | Learned a level 3 spell: Regeneration
  2146 | D:3      | Learned a level 3 spell: Spectral Weapon
  2189 | D:3      | Reached skill level 5 in Fighting
  2283 | D:3      | Reached skill level 1 in Hexes
  2523 | D:4      | Reached skill level 1 in Necromancy
  2836 | D:4      | Reached XP level 7. HP: 54/56 MP: 1/12
  2891 | D:4      | Got a twisted rapier {venom}
  2892 | D:4      | Identified the +5 rapier "Cinkabet" {venom, rF+ Dex+2} (You
                  | took it off an orc priest on level 4 of the Dungeon)
  2939 | D:4      | Reached skill level 6 in Charms
  3471 | D:4      | Found a blossoming altar of Fedhas.
  3545 | D:5      | Entered Level 5 of the Dungeon
  3761 | D:5      | Noticed Prince Ribbit
  3776 | D:5      | Killed Prince Ribbit
  3776 | D:5      | Reached skill level 7 in Charms
  3776 | D:5      | Reached XP level 8. HP: 24/62 MP: 9/13
  3988 | D:5      | HP: 3/62 [poisoned by a gnoll]
  4303 | D:5      | Identified the Collected Works on Nocuous Orientation
  4416 | D:5      | Noticed Pikel
  4434 | D:5      | Killed Pikel
  4434 | D:5      | Reached skill level 5 in Hexes
  4434 | D:5      | Reached skill level 9 in Charms
  4440 | D:5      | Learned a level 2 spell: Blink
  4442 | D:5      | Learned a level 1 spell: Apportation
  4525 | D:5      | Found Opaxzuziop's Food Shoppe.
  4612 | D:5      | Reached skill level 1 in Translocations
  4781 | D:6      | Noticed Menkaure
  4792 | D:6      | Killed Menkaure
  4792 | D:6      | Reached XP level 9. HP: 17/68 MP: 3/15
  5183 | D:6      | Found an ancient bone altar of Kikubaaqudgha.
  5514 | D:7      | Found Qotaxube's Magic Scroll Shoppe.
  5557 | D:7      | Reached skill level 5 in Spellcasting
  5565 | D:7      | Noticed Harold
  5578 | D:7      | Killed Harold
  5579 | D:7      | Reached skill level 5 in Translocations
  5638 | D:7      | Found a sand-covered staircase.
  5674 | Ossuary  | Entered an ossuary
  6384 | D:7      | Found a staircase to the Ecumenical Temple.
  7431 | D:8      | Reached XP level 10. HP: 68/74 MP: 17/21
  7454 | D:8      | Found a glowing silver altar of Zin.
  7455 | D:8      | Noticed Psyche
  7465 | D:8      | HP: 1/74 [centaur/arrow (16)]
  7473 | D:8      | Splashed by a jelly's acid

Skill      XL: |  1  2  3  4  5  6  7  8  9 |
---------------+----------------------------+-----
Charms         | 4 5 7 9 |  9.4
Fighting       | 3 4 5 |  5.0
Spellcasting   | 3 4 7 |  7.9
Hexes          | 2 3 5 |  5.1
Necromancy     | 1 |  1.0
Translocations | 2 5 |  5.6
Axes           | |  2.6
Armour         | |  1.2
Dodging        | |  2.1

Action                   |  1- 3 |  4- 6 |  7- 9 | 10-12 || total
-------------------------+-------+-------+-------+-------++-------
Melee: Hand axe          |    87 |   161 |     6 |       ||   254
       Rapier            |       |       |   312 |     9 ||   321
Throw: Stone             |       |     8 |     3 |       ||    11
       Tomahawk          |       |       |    10 |       ||    10
 Cast: Infusion          |    20 |    16 |    17 |       ||    53
       Shroud of Golubri |     1 |     5 |    24 |     1 ||    31
       Song of Slaying   |       |     2 |    11 |       ||    13
       Regeneration      |       |       |     8 |     1 ||     9
       Blink             |       |       |     2 |     1 ||     3
Invok: Stomp             |       |       |     3 |       ||     3
 Abil: Hop               |       |       |     4 |     1 ||     5
Evoke: Wand              |       |       |       |     1 ||     1
  Use: Potion            |       |     4 |     1 |     2 ||     7
       Scroll            |       |     2 |     8 |     1 ||    11
 Stab: Paralysed         |       |     2 |     4 |       ||     6
  Eat: Chunk             |     1 |     3 |    11 |       ||    15
       Ration            |       |     1 |     3 |       ||     4
Armor: Leather armour    |    39 |    58 |   102 |     3 ||   202
       Skin              |       |     3 |       |       ||     3
Dodge: Dodged            |    77 |   109 |   214 |     9 ||   409
